 Dungeon Crawl Stone Soup version 0.31.0-11-ge490571c62 (webtiles) character file.

Game seed: 4025258323471447112

100 jagang the Trooper (level 4, -13/37 HPs)
             Began as a Human Monk on Jan 29, 2024.
             Mangled by an ogre
             ... wielding a +0 giant spiked club
              (29 damage)
             ... on level 3 of the Dungeon.
             The game lasted 00:03:18 (1934 turns).

jagang the Trooper (Human Monk)                     Turns: 1934, Time: 00:03:19

Health: -13/37     AC:  5    Str: 13    XL:     4   Next: 74%
Magic:  4/4        EV: 11    Int: 10    God:
Gold:   55         SH:  0    Dex: 16    Spells: 3/3 levels left

rFire   . . .        g - +0 whip (elec)
rCold   . . .        d - orb {light}
rNeg    . . .        j - +0 ring mail
rPois   .            (no helmet)
rElec   .            (no cloak)
rCorr   .            (no gloves)
SInv    .            (no boots)
Will    .....        (no amulet)
Stlth   +            (no ring)
HPRegen 0.26/turn    (no ring)
MPRegen 0.09/turn

%: no passive effects
@: glowing
A: explore regen
a: no special abilities


You were on level 3 of the Dungeon.
You visited 1 branch of the dungeon, and saw 3 of its levels.

You collected 55 gold pieces.

Inventory:

Hand Weapons
 a - a +0 falchion
 g - a +0 whip of electrocution (weapon)
Armour
 d - an orb of light (worn)
 j - a +0 ring mail (worn)
Scrolls
 b - 3 scrolls of enchant weapon {unknown}
 f - a scroll of teleportation {unknown}
 k - 4 scrolls of identify {unknown}
 l - a scroll of fog {unknown}
 n - a scroll of noise {unknown}
 o - a scroll of enchant armour {unknown}
Potions
 c - 3 potions of ambrosia
 e - a potion of invisibility {unknown}
 h - a potion of attraction {unknown}
 i - a potion of berserk rage {unknown}
 m - a potion of curing {unknown}


   Skills:
 * Level 3.9 Fighting
 - Level 3.0 Long Blades
 * Level 2.1 Maces & Flails
 * Level 2.2 Armour
 - Level 3.0 Dodging


You had 3 spell levels left.
You didn't know any spells.
Your spell library was empty.

Dungeon Overview and Level Annotations

Branches:
Dungeon (3/15)

Altars:


Innate Abilities, Weirdness & Mutations

You regain HP and MP as you explore.


Message History

You hit the adder.
The adder is heavily wounded.
The adder bites you but does no damage.
You hit the adder. Lightning courses through the adder!
You kill the adder!
No target in view!
You open the door.
There is an open door here.
There is a stone staircase leading down here.
There is a stone staircase leading up here.
Done exploring.
Done exploring.
Done exploring.
You open the door.
There is an open door here.
There is a stone staircase leading down here.
Search for what [Enter for "D:1", or ? for help]?
D:2 You climb downwards.
Found a scroll labelled LUZIG ACUSY.
There is a stone staircase leading up here.
o - a scroll labelled LUZIG ACUSY You open the door.
An ogre comes into view. It is wielding a +0 giant spiked club.
The ogre shouts!
There is an open door here.
A frilled lizard comes into view.
The frilled lizard hisses angrily.
You hit the ogre but do no damage. Lightning courses through the ogre!
The ogre is moderately wounded.
The ogre hits you with a +0 giant spiked club!!
You hit the ogre.
The ogre is moderately wounded.
You hit the ogre.
The ogre is heavily wounded.
The ogre hits you with a +0 giant spiked club.
You hit the ogre.
The ogre is heavily wounded.
The ogre hits you with a +0 giant spiked club!!
Ouch! That really hurt!
You die...

##+## ##...##
##.....## .
##.......## ...
##.........####l..#.
...........'@O......
##.........####.....
#........## #.#
#.#....<## # ##...##
##+##


You could see an ogre and a frilled lizard.

Vanquished Creatures
  3 adders (D:2)
  4 gnolls (D:2)
  A dart slug (D:1)
  2 ribbon worms (D:2)
  2 endoplasms
  2 giant cockroaches (D:2)
  4 hobgoblins
  3 kobolds (D:1)
  A quokka (D:2)
  2 ball pythons (D:2)
  3 bats
  3 frilled lizards
  4 rats
34 creatures vanquished.

Notes
Turn   | Place    | Note
-------+----------+-------------------------------------------
     0 | D:1      | jagang the Human Monk began the quest for the Orb.
     0 | D:1      | Reached XP level 1. HP: 18/18 MP: 1/1
   206 | D:1      | Reached XP level 2. HP: 18/24 MP: 2/2
   790 | D:2      | Reached skill level 1 in Armour
  1000 | D:2      | Reached skill level 1 in Maces & Flails
  1042 | D:2      | Reached XP level 3. HP: 23/29 MP: 3/3
  1353 | D:2      | Reached XP level 4. HP: 37/37 MP: 4/4
  1928 | D:3      | Noticed an ogre
  1934 | D:3      | Mangled by an ogre

Illustrated notes

Levels and vault maps discovered:
D:1:      elethiomel_arrival_shortcut, layout_loops_ring, nrook_mini_vaults
D:2:      layout_loops_corners
D:3:      cheibrodos_fertilizer, layout_loops_corners,
          pdpol_temple_overflow_zin_treasury_gozag_greed

Skill      XL: |  1  2  3  4 |
---------------+-------------+-----
Armour         | 1 2 |  2.2
Maces & Flails | 1 2 |  2.1
Fighting       | |  3.9
Long Blades    | |  3.0
Dodging        | |  3.0

Action                     |  1- 3 |  4- 6 || total
---------------------------+-------+-------++-------
  Melee: Whip              |    70 |    30 ||   100
         Falchion          |     6 |       ||     6
 Armour: Robe              |     6 |       ||     6
         Ring mail         |    33 |    17 ||    50
  Dodge: Dodged            |    48 |    11 ||    59
